 Dungeon Crawl Stone Soup version 0.28-a0-445-g51f8dfeb47 (webtiles) character file.

Game seed: 18276642885421126514

2996 Conn the Firebug (level 9, 0/54 HPs)
             Began as an Octopode Fire Elementalist on Sept 12, 2021.
             Was a Follower of Sif Muna.
             Killed from afar by a gargoyle (15 damage)
             ... with a stone arrow
             ... on level 8 of the Dungeon.
             The game lasted 00:19:21 (9432 turns).

Conn the Firebug (Octopode Fire Elementalist)       Turns: 9432, Time: 00:19:25

Health: 0/54       AC:  5    Str:  7    XL:     9   Next: 84%
Magic:  7/19       EV: 13    Int: 21    God:    Sif Muna [*.....]
Gold:   279        SH:  5    Dex: 12    Spells: 8/21 levels left

rFire   . . .      SeeInvis .   i - +2 dagger (elec)
rCold   . . .      Faith    .   (no shield)
rNeg    . . .      Spirit   .   (helmet restricted)
rPois   .          Reflect  +   y - amulet of reflection
rElec   .          Harm     .   s - +4 ring of slaying
rCorr   .          Rampage  .   t - +4 ring of protection
Will    .....                   (no ring)
Stlth   ++++......              (no ring)
HPRegen 0.18/turn               (no ring)
MPRegen 0.16/turn               (no ring)
                                (no ring)
                                (no ring)

@: no status effects
A: almost no armour, amphibious, 8 rings, camouflage 1, gelatinous body 1,
(nimble swimmer 1), tentacles
a: Renounce Religion, Channel Magic


You were on level 8 of the Dungeon.
You worshipped Sif Muna.
Sif Muna was aware of your devotion.
You visited 2 branches of the dungeon, and saw 9 of its levels.

You collected 279 gold pieces.

Inventory:

Hand Weapons
 b - a +0 dagger
 i - a +2 dagger of electrocution (weapon)
 m - a +2 dagger of venom
 A - a +7 spear of venom
Missiles
 a - a throwing net
 u - 13 poisoned darts
Jewellery
 e - an amulet of the acrobat
 s - a +4 ring of slaying (left tentacle)
 t - a +4 ring of protection (right tentacle)
 y - an amulet of reflection (around mantle)
 B - a ring of magical power
Wands
 h - a wand of paralysis (6)
 r - a wand of flame (26)
Scrolls
 j - 4 scrolls of enchant armour
 k - a scroll of teleportation
 l - 2 scrolls of fear {unknown}
 n - a scroll of noise
 o - a scroll of vulnerability
 p - a scroll of torment {unknown}
 q - a scroll of fog {unknown}
 v - a scroll of amnesia {unknown}
 w - a scroll of magic mapping
 D - 2 scrolls of identify
Potions
 c - 4 potions of heal wounds
 d - 2 potions of brilliance
 f - a potion of degeneration
 g - a potion of ambrosia
 x - 2 potions of lignification
 z - 2 potions of curing
 C - a potion of resistance {unknown}
 E - a potion of haste {unknown}


   Skills:
 + Level 1.7 Fighting
 + Level 3.3 Short Blades
 + Level 3.3 Dodging
 + Level 5.5 Stealth
 + Level 0.5 Shields
 + Level 6.7 Spellcasting
 + Level 5.2 Conjurations
 - Level 3.2 Hexes
 * Level 1.5 Translocations
 + Level 6.9 Fire Magic
 * Level 2.4 Invocations
 + Level 0.5 Evocations


You had 8 spell levels left.
You knew the following spells:

 Your Spells              Type           Power      Damage    Failure   Level
a - Foxfire               Conj/Fire      100%       2x1d9     1%          1
b - Conjure Flame         Conj/Fire      32%        6-21      2%          3
c - Inner Flame           Hex/Fire       28%        N/A       3%          3
d - Flame Wave            Conj/Fire      32%        3d7       8%          4
e - Blink                 Tloc           N/A        N/A       8%          2

Your spell library contained the following spells:

 Spells                   Type           Power      Damage    Failure   Level
 Scorch                   Fire           72%        2d9       1%          2
 Apportation              Tloc           26%        N/A       4%          1
 Animate Skeleton         Necr           14%        N/A       9%          1
 Pain                     Necr           28%        1d5       9%          1
 Lesser Beckoning         Tloc           13%        N/A       14%         3
 Vampiric Draining        Necr           3%         2d6       26%         3
 Freezing Cloud           Conj/Ice/Air   7%         6-21      77%         5
 Manifold Assault         Tloc           13%        N/A       80%         5
 Alistair's Intoxication  Tmut/Pois      4%         N/A       94%         5
 Blade Hands              Tmut           3%         N/A       94%         5
 Invisibility             Hex            10%        N/A       98%         6
 Iron Shot                Conj/Erth      9%         9d3       99%         6
 Simulacrum               Ice/Necr       3%         N/A       100%        6
 Polar Vortex             Ice            3%         N/A       100%        9
 Animate Armour           Summ/Erth      Unusable   N/A       N/A         4

Dungeon Overview and Level Annotations

Branches:
Dungeon (8/15)             Temple (1/1) D:6
   Lair: D:8-11

Altars:
Ashenzari
Dithmenos
Elyvilon
Gozag
Hepliaklqana
Kikubaaqudgha
Makhleb
Nemelex Xobeh
Okawaru
Sif Muna
Trog
Vehumet
Wu Jian
Yredelemnul
Zin


Innate Abilities, Weirdness & Mutations

You cannot wear most types of armour.
You are amphibious.
You can wear up to eight rings at the same time.
Your skin changes colour to match your surroundings (Stealth+).
Your rubbery body absorbs attacks. (AC +1, EV +1)
((You are camouflaged near water. (Stealth+)))
You have tentacles for arms and can constrict up to eight enemies at once.


Message History

The gargoyle is lightly damaged.
Unknown command.
Casting: Foxfire (safe; 1% risk of failure)
Confirm with . or Enter, or press ? or * to list all spells.
You conjure some foxfire!
The foxfire hits the gargoyle but does no damage.
The gargoyle is lightly damaged.
The foxfire hits the gargoyle but does no damage.
The gargoyle is lightly damaged.
The foxfire hits the gargoyle but does no damage.
The gargoyle is lightly damaged.
The foxfire hits the gargoyle but does no damage.
The gargoyle is lightly damaged.
The gargoyle hurls a stone arrow at you.
The stone arrow hits you!
Unknown command.
Casting: Foxfire (safe; 1% risk of failure)
Confirm with . or Enter, or press ? or * to list all spells.
Okay, then.
Casting: Foxfire (safe; 1% risk of failure)
Confirm with . or Enter, or press ? or * to list all spells.
You conjure some foxfire!
The gargoyle hurls a stone arrow at you.
The stone arrow hits you!!
* * * LOW HITPOINT WARNING * * *
Unknown command.
Press: ? - help, v - describe, . - travel
Here: a gargoyle, wielding a +0 mace (lightly damaged, inner flame, ally target)
The floor.
Aiming: Paralyse
Press: ? - help, Shift-Dir - straight line, f/p - gargoyle
Aim: a gargoyle, wielding a +0 mace (lightly damaged, inner flame, ally target, chance to affect: 29%)
Okay, then.
The foxfire hits the gargoyle but does no damage.
The gargoyle is lightly damaged.
The foxfire hits the gargoyle.
Flame seeps out of the gargoyle.
The gargoyle is moderately damaged.
The gargoyle hurls a stone arrow at you.
The stone arrow hits you!
You die...

#.#....................#
#...................#..##
###................##...#
#...............####..##
#................# #<..#
#.............##.# ###..#
###...○..<.........# #.....
.......9§......#...###.####
.......§.§@...###......#
........§.##..###..##..#
..######§.###..#..###..##
## ##...##.[...##....#
#.................#
#..##.........##..#
#.####..._...####.#
#..##.........##..#
#.................##


You could see a gargoyle (inner flame).

Vanquished Creatures
  A manticore (D:8)
  A troll (D:8)
  A steam dragon (D:7)
  An ice beast (D:7)
  A necrophage (D:6)
  2 ogres
  3 black bears
  A centaur (D:6)
  A phantom (D:7)
  A kobold brigand (D:8)
  2 bullfrogs
  A gnoll sergeant (D:6)
  4 scorpions
  A water moccasin skeleton (D:6)
  2 howler monkeys (D:4)
  5 orc priests
  2 jellies (D:6)
  Crazy Yiuf (D:3)
  2 centaur skeletons
  2 gnoll shamans (D:6)
  2 bullfrog skeletons
  Ijyb (D:4)
  2 orc wizards (D:7)
  An iguana (D:6)
  A mummy (D:7)
  2 howler monkey zombies
  11 gnolls
  4 adders
  A howler monkey skeleton (D:5)
  A shadow imp (D:6)
  3 white imps
  An ufetubus (D:6)
  4 worms
  28 orcs
  8 ball pythons
  10 bats
  3 endoplasms
  5 giant cockroaches
  18 goblins
  8 hobgoblins
  8 jackals
  10 kobolds
  3 quokkas
  8 frilled lizards
  A hobgoblin zombie (D:7)
  2 kobold zombies (D:7)
  An orc zombie (D:7)
  2 rats
  4 butterflies (D:5)
188 creatures vanquished.

Vanquished Creatures (collateral kills)
  10 foxfires
10 creatures vanquished.

Vanquished Creatures (others)
  557 foxfires
  43 plants (D:3)
600 creatures vanquished.

Grand Total: 798 creatures vanquished

Notes
Turn   | Place    | Note
-------+----------+-------------------------------------------
     0 | D:1      | Conn the Octopode Fire Elementalist began the quest for the
                  | Orb.
     0 | D:1      | Reached XP level 1. HP: 11/11 MP: 3/3
   304 | D:1      | Reached XP level 2. HP: 17/17 MP: 3/5
   669 | D:1      | Reached XP level 3. HP: 21/21 MP: 4/6
  1235 | D:2      | Reached XP level 4. HP: 27/27 MP: 3/8
  2575 | D:2      | Learned a level 3 spell: Conjure Flame
  2579 | D:2      | Learned a level 3 spell: Inner Flame
  3002 | D:3      | Reached XP level 5. HP: 32/32 MP: 6/9
  3453 | D:3      | Found a runed translucent door.
  3454 | D:3      | Noticed Crazy Yiuf
  3482 | D:3      | Killed Crazy Yiuf
  3628 | D:3      | Reached skill level 1 in Short Blades
  3630 | D:3      | Reached XP level 6. HP: 37/37 MP: 4/10
  4245 | D:4      | Reached skill level 1 in Fighting
  4805 | D:4      | Reached XP level 7. HP: 43/43 MP: 8/12
  5197 | D:4      | Noticed Ijyb
  5208 | D:4      | Killed Ijyb
  5512 | D:4      | Learned a level 4 spell: Flame Wave
  5537 | D:5      | Entered Level 5 of the Dungeon
  5981 | D:5      | Reached skill level 5 in Fire Magic
  6368 | D:5      | Reached skill level 1 in Hexes
  6633 | D:6      | Reached XP level 8. HP: 40/48 MP: 14/14
  7150 | D:6      | Reached skill level 5 in Spellcasting
  7157 | D:6      | Reached skill level 5 in Stealth
  7253 | D:6      | Found a staircase to the Ecumenical Temple.
  7286 | Temple   | Entered the Ecumenical Temple
  7305 | Temple   | Became a worshipper of Sif Muna the Loreminder
  7606 | D:6      | Reached XP level 9. HP: 54/54 MP: 10/17
  8402 | D:7      | Reached * piety under Sif Muna
  9049 | D:7      | Learned a level 2 spell: Blink
  9179 | D:8      | Found a shadowy altar of Dithmenos.
  9303 | D:8      | Noticed a manticore
  9304 | D:8      | Reached skill level 1 in Invocations
  9312 | D:8      | Killed a manticore
  9313 | D:8      | Reached skill level 5 in Conjurations
  9313 | D:8      | Reached skill level 1 in Translocations
  9316 | D:8      | Noticed a troll
  9336 | D:8      | Killed a troll
  9423 | D:8      | Noticed a gargoyle
  9432 | D:8      | Killed from afar by a gargoyle

Illustrated notes

Levels and vault maps discovered:
D:1:      eino_arrival_tree_alley, layout_loops_ring
D:2:      layout_basic
D:3:      layout_loops_ring, serial_bayou, serial_bayou_shore_b,
          serial_bayou_pond_d, serial_bayou_lagoon_b, serial_bayou_pond_c,
          uniq_crazy_yiuf_cottage
D:4:      kennysheep_goblin_castle, layout_loops_ring, solitary_fountain
D:5:      layout_basic, chequers_serial_rivers_micro_e,
          minmay_misc_feat_diagonals, hangedman_glass_garden,
          minmay_misc_feat_chi, hangedman_abyss_or_decor_passed,
          chequers_serial_rivers_small_b
D:6:      layout_loops_ring, minmay_temple_entry_junction,
          chequers_serial_rivers_micro_d, minivault_5, minmay_alternating_orb
D:7:      layout_gridville, minmay_mini_ossuary
D:8:      minmay_the_grid_plus [minmay_the_grid_dragon_a,
          minmay_the_grid_broken_lines, minmay_the_grid_embedded,
          minmay_the_grid_small_cups, minmay_the_grid_prize_four_corners],
          layout_layer_cave, nicolae_dithmenos_shadow_blocks, serial_shops,
          shop, kennysheep_generic_room_3, uniq_gastronok, uniq_erica,
          uniq_joseph
Temple:   grunt_wide_crystal_templ

Skill      XL: |  1  2  3  4  5  6  7  8  9 |
---------------+----------------------------+-----
Stealth        | 3 4 5 |  5.5
Spellcasting   | 3 4 5 6 |  6.7
Conjurations   | 2 3 4 5 |  5.2
Fire Magic     | 4 5 6 |  6.9
Short Blades   | 1 2 3 |  3.3
Fighting       | 1 |  1.7
Hexes          | 1 2 3 |  3.2
Dodging        | 3 |  3.3
Invocations    | 2 |  2.4
Translocations | 1 |  1.5
Shields        | |  0.5
Evocations     | |  0.5

Action                   |  1- 3 |  4- 6 |  7- 9 || total
-------------------------+-------+-------+-------++-------
Melee: Unarmed           |     2 |       |       ||     2
       Dagger            |     7 |    45 |    58 ||   110
       Constrict         |     3 |    11 |    14 ||    28
       Tentacles         |     1 |     4 |     9 ||    14
 Cast: Foxfire           |    43 |   126 |   189 ||   358
       Conjure Flame     |       |     1 |       ||     1
       Inner Flame       |       |       |    10 ||    10
       Flame Wave        |       |       |     1 ||     1
Evoke: Wand              |       |     2 |     6 ||     8
  Use: Potion            |       |     5 |       ||     5
       Scroll            |       |       |    10 ||    10
 Stab: Sleeping          |       |     4 |     3 ||     7
       Paralysed         |       |     2 |     1 ||     3
       Distracted        |       |     1 |       ||     1
Armor: Skin              |     2 |     1 |    19 ||    22
Dodge: Dodged            |     4 |    23 |    43 ||    70
Block: Other             |       |       |    14 ||    14
       Reflection        |       |       |     1 ||     1

Table legend: (Time is in decaauts)
 A = Elapsed time spent in this place.
 B = Non-inter-level travel time spent in this place.
 C = Inter-level travel time spent in this place.
 D = Time resting spent in this place.
 E = Time spent auto-exploring this place.
 F = Levels seen in this place.
 G = Mean time per level.
                   A        B        C        D        E       F      G
               +--------+--------+--------+--------+--------+-----+--------+
         Total |   9423 |   9259 |    164 |   1351 |   6065 |   9 | 1047.0 |
       Dungeon |   9394 |   9239 |    155 |   1351 |   6058 |   8 | 1174.2 |
        Temple |     28 |     19 |      9 |      0 |      7 |   1 |   28.0 |
               +--------+--------+--------+--------+--------+-----+--------+

Top non-repeatable levels by time:
     D:3: 1632 daAuts
     D:4: 1585 daAuts
     D:6: 1368 daAuts
     D:5: 1322 daAuts
     D:1: 1201 daAuts
     D:2: 1113 daAuts
     D:7: 903 daAuts
     D:8: 266 daAuts
  Temple: 28 daAuts
